[Event "Team 45 45 League T34"]
[Site "Internet Chess Club"]
[Date "2007.09.09"]
[Round "8"]
[White "strudel"]
[Black "Russellovich"]
[Result "0-1"]
[WhiteElo "1444"]
[BlackElo "1736"]
[Opening "Ruy Lopez: Schliemann defense"]
[ECO "C63"]
[Time "10:18:52"]
[TimeControl "2700+45"]

1. e4 e5 2. Nf3 Nc6 3. Bb5 f5 4. d3 Nf6 5. O-O Bc5 6. exf5 d6 7. Be3 Bxe3 8.
fxe3 Ng4 9. Bxc6+ bxc6 10. Qe2 Rb8 11. e4 Rxb2 12. Na3 O-O 13. Rfb1 Rxb1+ 14.
Rxb1 d5 15. Rb8 Qd6 16. Nb1 dxe4 17. dxe4 Qc5+ 18. Kf1 Ba6 {White resigns} 0-1

[Event "Team 45 45 League T34"]
[Site "Internet Chess Club"]
[Date "2007.09.07"]
[Round "8"]
[White "carolinaknight"]
[Black "beerss"]
[Result "0-1"]
[WhiteElo "1309"]
[BlackElo "1454"]
[Opening "Tennison (Lemberg, Zukertort) gambit"]
[ECO "B01"]
[Time "19:58:49"]
[TimeControl "2700+45"]

1. e4 d5 2. Nf3 Bg4 3. d3 e6 4. Be2 Nc6 5. O-O Nf6 6. e5 Nd7 7. d4 Bb4 8. c3 Be7
9. Nbd2 Nf8 10. Nb3 Ng6 11. Nc5 Bxc5 12. dxc5 Bxf3 13. Bxf3 Ncxe5 14. Bh5 O-O
15. Qd4 c6 16. Bxg6 Nxg6 17. g3 e5 18. Qg4 Qe7 19. b4 f5 20. Qh3 Qf7 21. a4 e4
22. Be3 Rfe8 23. Bd4 f4 24. Qg4 f3 25. b5 Ne5 26. Bxe5 Rxe5 27. bxc6 bxc6 28.
Rac1 Re6 29. Qg5 Rg6 30. Qe3 Qd7 {White resigns} 0-1

[Event "Team 45 45 League T34"]
[Site "Internet Chess Club"]
[Date "2007.09.10"]
[Round "8"]
[White "Russ"]
[Black "WzeroMN"]
[Result "0-1"]
[WhiteElo "1244"]
[BlackElo "1241"]
[Opening "QGD: Capablanca-Duras variation"]
[ECO "E10"]
[Time "10:00:31"]
[TimeControl "2700+45"]

1. d4 Nf6 2. c4 e6 3. Nf3 d5 4. Bg5 h6 5. Bh4 Bb4+ 6. Nbd2 dxc4 7. a3 Bxd2+ 8.
Qxd2 Qe7 9. e3 Nc6 10. Bxc4 Ne4 11. Bxe7 Nxd2 12. Kxd2 Nxe7 13. Rac1 O-O 14. Bd3
c6 15. h4 Bd7 16. Ne5 Rad8 17. g4 f6 18. Ng6 Nxg6 19. Bxg6 Be8 20. Bxe8 Rfxe8
21. Ke2 e5 22. Rhd1 exd4 23. Rd3 dxe3 24. Rxd8 Rxd8 25. fxe3 Re8 26. Kf3 g5 27.
h5 Rf8 28. e4 Rd8 29. Ke3 Kf7 30. Rc2 Ke6 31. Rd2 Rxd2 32. Kxd2 Ke5 33. Ke3 b5
34. b4 a6 35. Kd3 Kf4 36. Kd4 Kxg4 37. e5 fxe5+ 38. Kxe5 Kh4 39. Kd6 g4 40. Kxc6
g3 41. Kb6 g2 42. Kxa6 g1=Q 43. Kxb5 Qg5+ 44. Kc4 Qxh5 45. b5 Qe8 46. Kc5 Qe3+
47. Kb4 Qd4+ 48. Ka5 Qa7+ 49. Kb4 Kg4 50. a4 h5 51. a5 h4 52. b6 Qa6 53. Kc5 h3
54. Kc6 Qxa5 55. b7 Qa6+ 56. Kc7 Qxb7+ {White resigns} 0-1

[Event "Team 45 45 League T34"]
[Site "Internet Chess Club"]
[Date "2007.09.08"]
[Round "8"]
[White "furrbrain"]
[Black "king4aknight"]
[Result "0-1"]
[WhiteElo "1148"]
[BlackElo "1105"]
[Opening "Scandinavian (center counter) defense"]
[ECO "B01"]
[Time "19:01:34"]
[TimeControl "2700+45"]

1. e4 d5 2. e5 d4 3. Nf3 e6 4. c3 c5 5. Bc4 Nc6 6. O-O Be7 7. b3 Nh6 8. Bb2 a6
9. cxd4 cxd4 10. Qe2 b5 11. Bd3 f5 12. exf6 Bxf6 13. Qe4 Bd7 14. a4 Nb4 15. Nxd4
Nxd3 16. Qxd3 Be5 17. Nc3 Ng4 18. Nf3 Qc7 19. g3 O-O 20. Ng5 Rf5 21. Qe4 Raf8
22. Qxg4 Qb6 23. Nce4 Bxb2 24. Rae1 Bd4 25. Re2 bxa4 26. bxa4 Bxa4 27. Qh5 h6
28. g4 Rxg5 29. Nxg5 hxg5 30. Qxg5 Bb5 31. Re4 Bxf2+ 32. Kg2 Bc6 33. d4 Bxe4+
34. Kh3 Qb3+ {White resigns} 0-1

[Event "Team 45 45 League T34"]
[Site "Internet Chess Club"]
[Date "2007.09.09"]
[Round "8"]
[White "vaibhav"]
[Black "DanielDelPaso"]
[Result "1-0"]
[WhiteElo "2371"]
[BlackElo "2300"]
[Opening "Sicilian: dragon, Yugoslav attack, 9.Bc4"]
[ECO "B77"]
[Time "11:02:00"]
[TimeControl "2700+45"]

1. e4 c5 2. Nf3 d6 3. d4 cxd4 4. Nxd4 Nf6 5. Nc3 g6 6. Be3 Bg7 7. f3 Nc6 8. Qd2
O-O 9. Bc4 Nd7 10. Bb3 Nb6 11. O-O-O Na5 12. Qd3 Bd7 13. h4 Rc8 14. h5 Nbc4 15.
hxg6 fxg6 16. Bg5 Rf7 17. Kb1 Qf8 18. Nd5 e6 19. Ne3 b5 20. Bxc4 Nxc4 21. Nxc4
Rxc4 22. Nb3 Rc6 23. c3 e5 24. Qxb5 Qc8 25. Qe2 Be6 26. Rd2 Bf8 27. Rhd1 Bc4 28.
Qe3 Qa6 29. Nc1 Rb7 30. b3 Qa3 31. Rc2 Ra6 32. Rb2 Rab6 33. Qd2 a5 34. Be3 Rb5
35. Nd3 Bxb3 36. axb3 Rxb3 37. Rc1 a4 38. Rc2 Rc7 39. Nb4 Kh8 40. Nd5 Rcb7 41.
Bb6 Rb8 42. Qg5 Kg8 43. Qf6 Rb7 44. Qe6+ Kg7 45. f4 Rf7 46. f5 gxf5 47. exf5 Kg8
48. f6 h5 49. g4 Bh6 50. Ne7+ {Black resigns} 1-0

[Event "Team 45 45 League T34"]
[Site "Internet Chess Club"]
[Date "2007.09.08"]
[Round "8"]
[White "gyoung"]
[Black "Allessia"]
[Result "0-1"]
[WhiteElo "2203"]
[BlackElo "2218"]
[Opening "Sicilian: Pelikan, Chelyabinsk variation"]
[ECO "B33"]
[Time "18:01:36"]
[TimeControl "2700+45"]

1. e4 c5 2. Nf3 Nc6 3. d4 cxd4 4. Nxd4 Nf6 5. Nc3 e5 6. Ndb5 d6 7. Bg5 a6 8. Na3
b5 9. Nd5 Be7 10. Bxf6 Bxf6 11. c3 O-O 12. Nc2 Bg5 13. Be2 Ne7 14. Nxe7+ Qxe7
15. a4 Bb7 16. f3 d5 17. axb5 dxe4 18. bxa6 Rad8 19. axb7 Rxd1+ 20. Rxd1 Qxb7
21. Nb4 Rd8 22. O-O exf3 23. Bxf3 e4 24. Bg4 Rxd1 25. Rxd1 g6 26. Be2 Qb6+ 27.
Kf1 Kg7 28. g3 h5 29. Bc4 Qf6+ 30. Kg2 Qf3+ {White resigns} 0-1

[Event "Team 45 45 League T34"]
[Site "Internet Chess Club"]
[Date "2007.09.09"]
[Round "8"]
[White "Ozgur-Bjk"]
[Black "Zkid"]
[Result "1/2-1/2"]
[WhiteElo "2169"]
[BlackElo "2099"]
[Opening "Dutch with c4 & Nc3"]
[ECO "A85"]
[Time "10:08:06"]
[TimeControl "2700+45"]

1. d4 f5 2. c4 Nf6 3. Nc3 g6 4. Nf3 Bg7 5. Bg5 d6 6. e3 O-O 7. Be2 Qe8 8. O-O e5
9. Bxf6 Bxf6 10. Nd5 Bd8 11. dxe5 dxe5 12. Qc2 c6 13. Nc3 e4 14. Nd4 Bc7 15.
Rfd1 Qe5 16. g3 Na6 17. a3 Nc5 18. b4 Ne6 19. c5 Rd8 20. Bc4 Kg7 21. Nce2 Qf6
22. Qb3 Nxd4 23. Rxd4 b5 24. cxb6 axb6 25. Rad1 b5 26. Rxd8 Bxd8 27. Bg8 Bb6 28.
h4 f4 29. Rd6 Rxa3 30. Rxf6 Rxb3 31. Bxb3 Kxf6 32. gxf4 Bg4 33. Ng3 Bd8 34.
Nxe4+ Kg7 35. Kg2 Bxh4 36. Ng5 h6 37. Ne6+ Kf6 38. Nd4 Bf5 39. Nxf5 gxf5 40. Kf3
Kg6 {Game drawn by mutual agreement} 1/2-1/2

[Event "Team 45 45 League T34"]
[Site "Internet Chess Club"]
[Date "2007.09.08"]
[Round "8"]
[White "martineden"]
[Black "zoneblitz"]
[Result "1-0"]
[WhiteElo "2023"]
[BlackElo "2051"]
[Opening "QGA: 4...e6"]
[ECO "D26"]
[Time "10:33:22"]
[TimeControl "2700+45"]

1. d4 d5 2. c4 dxc4 3. Nf3 Nf6 4. e3 e6 5. Bxc4 Nbd7 6. Qa4 Bd6 7. O-O O-O 8.
Qc2 c5 9. Nc3 cxd4 10. exd4 a6 11. Bd3 Qc7 12. Bg5 b5 13. Ne4 Nxe4 14. Qxc7 Bxc7
15. Bxe4 Ra7 16. Rac1 Nf6 17. Bxf6 gxf6 18. Rc2 f5 19. Bc6 Bb7 20. Rfc1 Bf4 21.
Rd1 Rc8 22. d5 exd5 23. Nd4 Be5 24. Bxb7 Rxc2 25. Nxc2 Rxb7 26. Rxd5 Bxb2 27.
Nb4 Re7 28. Kf1 Bc3 29. Nd3 Kf8 30. Rxf5 Rd7 31. Ke2 Bg7 32. Rh5 h6 33. Rc5 Rd4
34. Rc8+ Ke7 35. Rc7+ Rd7 36. Rxd7+ Kxd7 37. Nc5+ Kd6 38. Nxa6 Be5 39. Nb4 Bxh2
40. g3 Kc5 41. Nd3+ Kd5 42. Kf3 Kd4 43. Nf4 f5 44. Kg2 Bxg3 45. Kxg3 {Black
resigns} 1-0